 Dungeon Crawl Stone Soup version 0.26.1-11-gd32895ea62 (webtiles) character file.

Game seed: 7871772874875108380

34 infcreate the Sneak (level 3, 20/20 HPs)
             Began as a Vampire Enchanter on Apr 30, 2021.
             Quit the game on level 1 of the Dungeon.
             The game lasted 00:03:29 (1059 turns).

infcreate the Sneak (Vampire Enchanter)             Turns: 1059, Time: 00:03:30

Health: 20/20      AC:  5    Str:  7    XL:     3   Next: 14%
Magic:  6/6        EV: 13    Int: 17    God:
Gold:   33         SH:  0    Dex: 15    Spells: 3/6 levels left

rFire    . . .     SeeInvis +   a - +1 dagger
rCold    + + .     Faith    .   (no shield)
rNeg     + + +     Spirit   .   b - +0 robe
rPois    ∞         Reflect  .   c - +1 helmet
rElec    .         Harm     .   (no cloak)
rCorr    .         Rampage  .   (no gloves)
Will     .....                  i - +0 pair of boots
Stlth    +++++.....             (no amulet)
HPRegen  0.06/turn              (no ring)
MPRegen  0.10/turn              (no ring)

@: bloodless
A: fangs 3, see invisible, unbreathing
a: Bat Form, Revivify


You were on level 1 of the Dungeon.
You visited 1 branch of the dungeon, and saw 1 of its levels.

You collected 33 gold pieces.


Innate Abilities, Weirdness & Mutations

You do not regenerate when monsters are visible.
You are frail without blood (-20% HP).
You can heal yourself when you bite living creatures.
You are immune to poison.
You have razor-sharp teeth.
You have supernaturally acute eyesight. (SInv)
You can survive without breathing.


   Skills:
 + Level 0.5 Fighting
 * Level 1.7 Short Blades
 * Level 2.6 Dodging
 * Level 4.9 Stealth
 + Level 2.1 Spellcasting
 * Level 4.9 Hexes


You had 3 spell levels left.
You knew the following spells:

 Your Spells              Type           Power        Failure   Level
c - Corona                Hex            20%          2%          1
e - Ensorcelled Hibernat  Hex/Ice        20%          11%         2

Your spell library contained the following spells:

 Spells                   Type           Power        Failure   Level
 Confusing Touch          Hex            18%          8%          3
 Tukima's Dance           Hex            18%          8%          3
 Dazzling Flash           Conj/Hex       20%          21%         3

Inventory:

Hand Weapons
 a - a +1 dagger (weapon)
Armour
 b - a +0 robe (worn)
 c - a +1 helmet (worn)
 i - a +0 pair of boots (worn)
Scrolls
 e - a scroll of enchant armour {unknown}
 h - a scroll of identify {unknown}
Potions
 d - a potion of attraction {unknown}
 f - a potion of invisibility {unknown}
 g - a potion of lignification {unknown}
 j - a potion of might {unknown}

Dungeon Overview and Level Annotations

Branches:
Dungeon (1/15)

Altars:

##...## #.#...#≈≈#... ##.#.....
#.#.⌠.#≈≈#.†. #####.#.####
#.#...#≈≈#...
.........############..###≈≈≈≈###
#####.#.............)....≈≈≈≈≈≈..
#.#.#####............≈≈≈≈≈≈.. #.#
# #.#.#.####..###≈≈≈≈### ...
##.##.##.###.#...#≈≈#... ...
.......@..#..#.⌠.#≈≈#.⌠. ....
##.##.##..#..#...#≈≈#... ### #
.#.....###†..≈### #
###............ ###.####.#### ..
...# ## #####


There were no monsters in sight!


Message History

The rat is moderately wounded.
The rat splashes around in the water.
You hit the rat.
You kill the rat!
You enter the shallow water.
Moving in this stuff is going to be slow.
Found a pair of boots.
You see here a rat corpse.
Found a yellow potion.
There is a dry fountain here.
i - a pair of boots You see here a club.
j - a yellow potion You finish putting on your +0 pair of boots.
You finish putting on your +1 helmet.
A goblin comes into view. It is wielding a +0 club.
The goblin shouts!
Casting: Ensorcelled Hibernation (safe; 11% risk of failure)
Confirm with . or Enter, or press ? or * to list all spells.
Aiming: Ensorcelled Hibernation (safe; 11% risk of failure)
Press: ? - help, Shift-Dir - straight line, f - goblin
Aim: a goblin, wielding a +0 club (chance to affect: 59%)
The goblin looks drowsy...
The helpless goblin fails to defend itself.
You bite the goblin, and draw its blood!
You impale the goblin!!
You kill the goblin!
Things that are here:
a +0 club; a goblin corpse Are you sure you want to abandon this character and quit the game? (Confirm with "yes".)

Action                   || total
-------------------------++-------
Melee: Dagger            ||    43
       Bite              ||     1
 Cast: Corona            ||    12
       Ensorcelled Hiber ||    10
 Abil: Exsanguinate      ||     1
 Stab: Sleeping          ||    11
Armor: Robe              ||     2
Dodge: Dodged            ||    21

Levels and vault maps discovered:
D:1:      wander_arrival_peaceful_grave, layout_loops_ring, st_stairs_4,
          fountainhead, ebering_dispersal_statue_hall

Notes
Turn   | Place    | Note
-------+----------+-------------------------------------------
     0 | D:1      | infcreate the Vampire Enchanter began the quest for the
                  | Orb.
     0 | D:1      | Reached XP level 1. HP: 13/13 MP: 3/3
   611 | D:1      | Reached XP level 2. HP: 15/15 MP: 5/5
   614 | D:1      | Learned a level 2 spell: Ensorcelled Hibernation
   953 | D:1      | Reached XP level 3. HP: 20/20 MP: 6/6
  1059 | D:1      | Quit the game

Vanquished Creatures
  A gnoll (D:1)
  A dart slug (D:1)
  A giant cockroach (D:1)
  3 goblins (D:1)
  4 hobgoblins (D:1)
  4 kobolds (D:1)
  2 bats (D:1)
  A frilled lizard (D:1)
  4 rats (D:1)
21 creatures vanquished.

Table legend: (Time is in decaauts)
 A = Elapsed time spent in this place.
 B = Non-inter-level travel time spent in this place.
 C = Inter-level travel time spent in this place.
 D = Time resting spent in this place.
 E = Time spent auto-exploring this place.
 F = Levels seen in this place.
 G = Mean time per level.
                   A        B        C        D        E       F      G
               +--------+--------+--------+--------+--------+-----+--------+
         Total |   1057 |   1057 |      0 |    428 |    174 |   1 | 1057.0 |
       Dungeon |   1057 |   1057 |      0 |    428 |    174 |   1 | 1057.0 |
               +--------+--------+--------+--------+--------+-----+--------+

Top non-repeatable levels by time:
     D:1: 1057 daAuts

Table legend:
 A = Non-vault XP
 B = Vault XP
 C = Vault XP percentage of total XP
 D = Non-vault monster count
 E = Vault monster count
 F = Vault count percentage of total count
                 A         B        C        D         E       F
            +---------+---------+-------+---------+---------+-------
      Total |      46 |       3 |   6.1 |      19 |       2 |   9.5
            +---------+---------+-------+---------+---------+-------
        D:1 |      46 |       3 |   6.1 |      19 |       2 |   9.5
            +---------+---------+-------+---------+---------+-------
